 Dungeon Crawl Stone Soup version 0.31-a0-876-gfe8ebadbca (webtiles) character file.

Game seed: 5161691215197924256

19 Azuregosa the Sneak (level 2, -5/21 HPs)
             Began as an Octopode Delver on Oct 13, 2023.
             Slain by a water moccasin (9 damage)
             ... in a sewer.
             The game lasted 00:01:04 (141 turns).

Azuregosa the Sneak (Octopode Delver)                Turns: 141, Time: 00:01:06

Health: -5/21      AC:  1    Str: 11    XL:     2   Next: 75%
Magic:  2/2        EV: 13    Int: 12    God:
Gold:   0          SH:  0    Dex: 13    Spells: 1/1 levels left

rFire   . . .        a - +0 spear
rCold   . . .        (no shield)
rNeg    . . .        (helmet restricted)
rPois   .            (no amulet)
rElec   .            (no ring)
rCorr   .            (no ring)
SInv    .            (no ring)
Will    .....        (no ring)
Stlth   ++++         (no ring)
HPRegen 0.23/turn    (no ring)
MPRegen 0.08/turn    (no ring)
                     (no ring)

%: no passive effects
@: lethally poisoned (-5 -> -14)
A: almost no armour, amphibious, 8 rings, camouflage 1, gelatinous body 1,
(nimble swimmer 1), tentacles
a: no special abilities


You were in a sewer.
You visited 1 branch of the dungeon, and saw 1 of its levels.
You also visited: Sewer.

Inventory:

Hand Weapons
 a - a +0 spear (weapon)
Wands
 f - a wand of digging (3)
Scrolls
 b - a scroll of fog
 d - a scroll of fear
Potions
 e - 3 potions of haste


   Skills:
 + Level 3.2 Fighting
 + Level 2.3 Polearms
 + Level 2.3 Dodging
 + Level 6.8 Stealth


You had one spell level left.
You didn't know any spells.
Your spell library was empty.

Dungeon Overview and Level Annotations

Branches:
Dungeon (5/15)              Sewer (1/1)
 Temple: D:4-7

Altars:


Innate Abilities, Weirdness & Mutations

You cannot wear most types of armour.
You are amphibious.
You can wear up to eight rings at the same time.
Your skin changes colour to match your surroundings (Stealth+).
Your rubbery body absorbs attacks. (AC +1, EV +1)
((You are camouflaged when in or above water. (Stealth+)))
You have tentacles for arms and can constrict up to eight enemies at once.


Message History

You hit the bat. Your grab misses the bat.
The bat is severely wounded.
The bat hits you but does no damage.
Reach: a) +0 spear
Press: ? - help, Dir - move target, f/p - bat
Aim: a bat (water, severely wounded, about 52% to evade your +0 spear)
You reach to attack!
You closely miss the bat.
The bat is severely wounded.
The bat hits you.
You hit the bat.
You kill the bat!
Found 2 potions of haste.
Found a gate leading back out of this place.
A water moccasin comes into view.
Found a lightning rod (4/4) and 12 gold pieces.
You see here 2 potions of haste.
e - 3 potions of haste (gained 2)
Found 27 gold pieces, 6 darts of dispersal and a dark potion.
The water moccasin hisses angrily.
You hit the water moccasin but do no damage.
Your grab misses the water moccasin. Your squeeze misses the water moccasin.
The water moccasin bites you.
You closely miss the water moccasin. Your grab misses the water moccasin.
The water moccasin bites you but does no damage.
The water moccasin bites you!
You are lethally poisoned!
The water moccasin poisons you!
You miss the water moccasin. Your grab misses the water moccasin.
Your squeeze misses the water moccasin.
* * * LOW HITPOINT WARNING * * *
You feel very sick. The water moccasin misses you.
You miss the water moccasin. You grab the water moccasin.
You squeeze the water moccasin.
The water moccasin is lightly wounded.
You constrict the water moccasin.
* * * LOW HITPOINT WARNING * * *
You feel very sick. The water moccasin bites you!
You die...

####### ##$!$($##
#..$}$..#
#.......#
#.......#
#.......#
#...S...# #..@..#
####### ###.###
##.....## #.#
#...≈...## #.#
...≈≈≈...#######.#
∩.≈≈≈≈≈..........#
...≈≈≈...#######.#
#...≈...## #.#
##.....## #.#


You could see a water moccasin.

Vanquished Creatures
  An adder (D:5)
  A worm (D:5)
  A giant cockroach (D:5)
  2 quokkas (D:5)
  2 bats (Sewer)
  2 rats (D:5)
9 creatures vanquished.

Notes
Turn   | Place    | Note
-------+----------+-------------------------------------------
     0 | D:5      | Azuregosa the Octopode Delver began the quest for the Orb.
     0 | D:5      | Reached XP level 1. HP: 16/16 MP: 1/1
    50 | D:5      | Reached XP level 2. HP: 21/21 MP: 2/2
    78 | D:5      | Found a glowing drain.
   108 | Sewer    | Entered a sewer
   132 | Sewer    | Noticed a water moccasin
   141 | Sewer    | Slain by a water moccasin

Illustrated notes

Levels and vault maps discovered:
D:5:      layout_basic, gup_sewer_entry_spiral
Sewer:    sewer_big_baddie

Action                     || total
---------------------------++-------
  Melee: Spear             ||    24
         Constrict         ||     4
         Tentacles         ||     4
    Use: Scroll            ||     1
   Stab: Sleeping          ||     7
 Armour: Skin              ||    10
  Dodge: Dodged            ||     7

Table legend: (Time is in decaauts)
 A = Elapsed time spent in this place.
 B = Non-inter-level travel time spent in this place.
 C = Inter-level travel time spent in this place.
 D = Time resting spent in this place.
 E = Time spent auto-exploring this place.
 F = Levels seen in this place.
 G = Mean time per level.
                   A        B        C        D        E       F      G
               +--------+--------+--------+--------+--------+-----+--------+
         Total |    140 |    140 |      0 |     26 |      0 |   2 |   70.0 |
       Dungeon |    108 |    108 |      0 |     26 |      0 |   1 |  108.0 |
         Sewer |     32 |     32 |      0 |      0 |      0 |   1 |   32.0 |
               +--------+--------+--------+--------+--------+-----+--------+

Top non-repeatable levels by time:
     D:5: 108 daAuts
   Sewer: 32 daAuts
